 Dungeon Crawl Stone Soup version 0.25.1-1-g288607f5aa (webtiles) character file.

Game seed: 3531700884480623142

28478 MisterFreud the Ripper (level 13, -19/68 HPs)
             Began as a Felid Berserker on July 27, 2020.
             Was the Champion of Trog.
             Shot with a bolt by a yaktaur captain (20 damage)
             ... on level 15 of the Dungeon.
             The game lasted 00:38:18 (25158 turns).

MisterFreud the Ripper (Felid Berserker)           Turns: 25158, Time: 00:38:19

Health: -19/68     AC:  3    Str: 23    XL:     13   Next: 10%
Magic:  17/17      EV: 36    Int:  9    God:    Trog [******]
Gold:   1359       SH:  0    Dex: 27    Spells: 12/12 levels left
                                        Lives:  0   Deaths: 3

rFire    . . .     SeeInvis +     - Unarmed
rCold    + . .     Gourm    .   (shield unavailable)
rNeg     . . .     Faith    +   (armour unavailable)
rPois    +         Spirit   .   (helmet unavailable)
rElec    .         Reflect  .   (cloak unavailable)
rCorr    .         Harm     .   (gloves unavailable)
MR       +....                  (boots unavailable)
Stlth    ++++++....             y - amulet of faith
HPRegen  0.21/turn              j - +6 ring of strength
MPRegen  0.15/turn              F - ring "Homa" {*Drain rPois Str+4 Dex+7 Slay+4}

@: quick
A: very small, no armour, no weapons or thrown items, stealth, claws 1, fangs 3,
see invisible, carnivore, speed 1, shaggy fur 3, slow metabolism 1, sharp paws
a: Berserk, Trog's Hand, Brothers in Arms, Renounce Religion


You were on level 15 of the Dungeon.
You worshipped Trog.
Trog was exalted by your worship.
You were completely stuffed.

You visited 2 branches of the dungeon, and saw 21 of its levels.
You also visited: Ossuary and Bailey.

You collected 1573 gold pieces.
You spent 214 gold pieces at shops.

Inventory:

Jewellery
 j - a +6 ring of strength (left paw)
 v - an uncursed ring of ice
 y - an amulet of faith (around neck)
 F - the ring "Homa" (right paw) {*Drain rPois Str+4 Dex+7 Slay+4}
   (You acquired it on level 1 of the Lair of Beasts)

   [ring of slaying]

   It affects your strength (+4).
   It affects your dexterity (+7).
   It affects your accuracy and damage with ranged weapons and melee attacks
   (+4).
   It protects you from poison.
   It causes draining when unequipped.
 S - an uncursed ring of ice
 Y - an uncursed ring of fire {unknown}
Wands
 k - a wand of acid (38)
 l - a wand of digging (6)
 n - a wand of iceblast (16)
 r - a wand of clouds (4)
 s - a wand of paralysis (9)
 w - a wand of disintegration (8)
 E - a wand of flame (5)
 U - a wand of polymorph (10)
 X - a wand of random effects (25)
Scrolls
 b - 7 scrolls of remove curse
 c - 7 scrolls of enchant armour
 e - 4 scrolls of magic mapping
 f - 6 scrolls of amnesia
 i - a scroll of vulnerability
 o - 14 scrolls of teleportation
 p - a scroll of immolation
 q - 5 scrolls of summoning
 t - 2 scrolls of fog
 G - a scroll of fear
 I - 3 scrolls of noise
 L - 5 scrolls of enchant weapon {unknown}
 M - 2 scrolls of blinking
 P - 2 scrolls of random uselessness {unknown}
 Q - 3 scrolls of brand weapon {unknown}
 V - 3 scrolls of identify
Potions
 d - 17 potions of curing
 g - 8 potions of haste
 h - 6 potions of heal wounds
 m - 4 potions of stabbing
 u - 7 potions of mutation
 x - 2 potions of cancellation
 z - a potion of berserk rage
 A - 6 potions of lignification
 B - a potion of ambrosia
 C - 2 potions of magic
 D - a potion of resistance
 J - 2 potions of invisibility
 K - 2 potions of flight
 R - a potion of degeneration
 T - a potion of might
Miscellaneous
 H - a phial of floods
 O - a lightning rod (4/4)
 W - a tin of tremorstones (3/3)
Comestibles
 a - 33 rations
 N - 10 chunks of flesh


   Skills:
 + Level 14.4 Fighting
 - Level 16.0 Dodging
 - Level 11.0 Stealth
 + Level 18.6 Unarmed Combat
 - Level 5.0 Evocations


You had 12 spell levels left.
You didn't know any spells.
Your spell library was empty.

Dungeon Overview and Level Annotations

Branches:
Dungeon (15/15)            Temple (0/1) D:5            Lair (6/6) D:10
 Shoals (0/4) Lair:3       Spider (0/4) Lair:2          Orc (0/2) D:12
 Vaults (0/5) D:13        Ossuary (visited)          Bailey (visited)
  Slime: Lair:5-6    Depths: D:15

Altars:
Ashenzari
Cheibriados
Dithmenos
Elyvilon
Gozag
Hepliaklqana
Kikubaaqudgha
Makhleb
Nemelex Xobeh
Ru
Sif Muna
Trog
Xom
Yredelemnul
Zin
The Shining One

Shops:
D:4 %   D:12 ?

Annotations:
D:13 1 runed translucent door, Ysmopt's ghost, journeyman MiFi
D:14 1 runed translucent door, Efocvin's ghost, journeyman DECj


Innate Abilities, Weirdness & Mutations

You cannot wear armour.
You are incapable of wielding weapons or throwing items.
Your paws allow you to move quietly. (Stealth)
You have sharp claws.
You have razor-sharp teeth.
You have supernaturally acute eyesight. (SInv)
You are carnivorous and can eat meat at any time.
You cover ground quickly.
Your thick and shaggy fur keeps you warm. (AC +3, rC+)
You have a slow metabolism.
Your sharp claws are effective at attacking unaware monsters.


Message History

The tengu warrior is almost dead.
The centaur warrior shoots an arrow.
The arrow completely misses you.
You mangle the tengu warrior!!
You kill the tengu warrior!
Trog accepts your kill.
The centaur warrior shoots an arrow.
The arrow barely misses you.
The centaur warrior shoots an arrow.
The arrow hits you!
You see here an arrow.
The yaktaur captain shoots a bolt.
The bolt completely misses you.
You see here a bolt.
The centaur warrior unwields a +0 shortbow.
The centaur warrior completely misses you.
The yaktaur captain shoots a bolt.
The bolt hits you!!!
Ouch! That really hurt!
* * * LOW HITPOINT WARNING * * *
Found a ration.
You see here a bolt.
You see here a bolt.
The yaktaur captain shoots a bolt.
The bolt hits you!!
You die...

.......#(.#(#.# .%
.......#)(...#.c..#
.#.....#####.#....# #.
...............#....#
...#..##.##............#
..#... ##(.).(........
#..... #.(((#.<.(....
#.#...#####.##.c........
#.......(##).##@........
.##...#.)[))<[.........
.#.....)(##.#..........
#......................
###....................
#######...............
###..#.#.#........
#........#........
#.................


You could see a yaktaur captain and a centaur warrior.

Vanquished Creatures
  Frances (D:14)
  Agnes (D:14)
  An entropy weaver (Lair:4)
  Azrael (D:13)
  7 hydras
  3 catoblepae
  4 centaur warriors
  A death knight (D:12)
  5 death yaks (Lair:6)
  A deep troll shaman (Lair:6)
  10 two-headed ogres
  2 tengu warriors (D:15)
  A queen ant (Lair:4)
  2 ogre magi (D:15)
  A skeletal warrior (D:13)
  4 unseen horrors
  2 deep elf magi (D:14)
  2 ugly things
  An orc sorcerer (D:15)
  5 cyclopes
  9 elephants
  Maurice (D:8)
  A torpor snail (Lair:3)
  3 black mambas
  6 centaur skeletons
  13 spiny frogs
  Joseph (D:8)
  2 kobold demonologists
  4 rime drakes
  A freezing wraith (D:12)
  8 komodo dragons
  3 trolls
  A polar bear (Lair:5)
  A merfolk (D:9)
  12 blink frogs
  13 hippogriffs
  Prince Ribbit (D:9)
  A dream sheep (Lair:2)
  A snapping turtle (Lair:3)
  A centaur simulacrum (D:14)
  2 spriggans (Lair:2)
  A shadow (D:13)
  A yak (shapeshifter) (D:14)
  2 fire elementals (D:13)
  2 wraiths
  3 wyverns
  4 basilisks
  30 yaks
  3 hungry ghosts
  Menkaure (Ossuary)
  3 vampire mosquitoes (D:14)
  9 soldier ants
  4 hell hounds
  An acid dragon (D:14)
  12 water moccasins
  11 porcupines
  6 sky beasts
  6 orc warriors
  6 ice beasts
  An eye of draining (D:12)
  10 ogres
  5 black bears
  2 phantoms
  A necrophage (D:7)
  14 wolves
  3 centaurs
  5 big kobolds
  13 crocodiles
  10 bullfrogs
  A gnoll sergeant (D:8)
  A wyvern zombie (D:14)
  2 wyvern skeletons (D:13)
  4 scorpions
  13 killer bees
  A howler monkey (D:13)
  10 wights
  6 electric eels
  3 crimson imps
  9 hounds
  2 jellies
  7 orc priests
  Crazy Yiuf (D:6)
  10 orc wizards
  Jessica (D:3)
  21 worker ants
  4 iguanas
  A killer bee zombie (D:10)
  A hound skeleton (D:5)
  3 mummies (Ossuary)
  A worker ant zombie (D:7)
  8 gnolls (D:8)
  7 adders
  7 shadow imps
  3 worms
  3 dart slugs
  6 leopard geckos
  54 orcs
  13 bats
  A bat zombie (D:7)
  3 giant cockroaches
  6 goblins
  12 hobgoblins
  5 jackals
  32 kobolds
  4 quokkas
  2 frilled lizards
  7 gnoll skeletons (Ossuary)
  2 gnoll zombies (Ossuary)
  A goblin skeleton (Ossuary)
  5 goblin zombies (Ossuary)
  3 hobgoblin skeletons (Ossuary)
  6 hobgoblin zombies (Ossuary)
  3 kobold skeletons (Ossuary)
  6 kobold zombies (Ossuary)
  A leopard gecko skeleton (D:4)
  6 orc skeletons (Ossuary)
  4 orc zombies (Ossuary)
  8 rats
  5 rat skeletons (Ossuary)
  2 rat zombies (Ossuary)
636 creatures vanquished.

Vanquished Creatures (collateral kills)
  An entropy weaver (Lair:4)
  3 skeletal warriors (D:12)
  A phantasmal warrior (D:12)
  3 orc knights (Bailey)
  A manticore (D:12)
  A freezing wraith (D:12)
  A blink frog (Lair:4)
  2 soldier ants (Lair:4)
  3 orc warriors (Bailey)
  A scorpion (D:12)
  7 worker ants (Lair:4)
  7 orcs (Bailey)
31 creatures vanquished.

Vanquished Creatures (others)
  A goblin (D:3)
  4 fungi
  10 plants
15 creatures vanquished.

Grand Total: 682 creatures vanquished

Notes
Turn   | Place    | Note
-------+----------+-------------------------------------------
     0 | D:1      | MisterFreud the Felid Berserker began the quest for the
                  | Orb.
     0 | D:1      | Reached XP level 1. HP: 10/10 MP: 2/2
   191 | D:1      | Reached XP level 2. HP: 11/14 MP: 3/3
   577 | D:2      | Reached skill level 4 in Unarmed Combat
   586 | D:2      | Reached XP level 3. HP: 17/17 MP: 4/4
  1043 | D:2      | Reached XP level 4. HP: 20/21 MP: 5/5
  1079 | D:2      | Reached skill level 5 in Unarmed Combat
  1169 | D:2      | Found a sacrificial altar of Ru.
  1228 | D:2      | Reached ** piety under Trog
  2039 | D:3      | Noticed Jessica
  2042 | D:3      | Killed Jessica
  2042 | D:3      | Reached XP level 5. HP: 24/24 MP: 6/6
  2098 | D:3      | Reached skill level 6 in Unarmed Combat
  2119 | D:3      | Found a glowing silver altar of Zin.
  2469 | D:3      | Gained mutation: You are covered in thick fur. (AC +2)
                  | [Felid growth]
  2469 | D:3      | Reached XP level 6. HP: 20/28 MP: 7/7
  2847 | D:3      | Found a snail-covered altar of Cheibriados.
  2851 | D:3      | Reached *** piety under Trog
  2917 | D:3      | Found a basalt altar of Yredelemnul.
  3086 | D:4      | Found Vithuah's Food Boutique.
  3130 | D:4      | Reached skill level 5 in Dodging
  3263 | D:4      | Found a white marble altar of Elyvilon.
  3685 | D:5      | Entered Level 5 of the Dungeon
  3712 | D:5      | Reached XP level 7. HP: 32/32 MP: 8/8
  3770 | D:5      | Found a glowing golden altar of the Shining One.
  3827 | D:5      | Reached skill level 1 in Evocations
  3885 | D:5      | Found a staircase to the Ecumenical Temple.
  3971 | D:5      | Found an opulent altar of Gozag.
  4274 | D:5      | Reached skill level 5 in Stealth
  4398 | D:6      | Found a runed translucent door.
  4399 | D:6      | Noticed Crazy Yiuf
  4777 | D:6      | Found a sand-covered staircase.
  4784 | Ossuary  | Entered an ossuary
  4904 | Ossuary  | Reached **** piety under Trog
  5171 | Ossuary  | Noticed Menkaure
  5181 | Ossuary  | Killed Menkaure
  5181 | Ossuary  | Reached skill level 5 in Fighting
  5317 | D:6      | Reached XP level 8. HP: 37/37 MP: 9/11
  5846 | D:6      | Killed Crazy Yiuf
  6129 | D:7      | Reached skill level 5 in Evocations
  6550 | D:7      | Reached skill level 10 in Dodging
  6569 | D:7      | Reached XP level 9. HP: 40/40 MP: 13/13
  6597 | D:6      | Reached ***** piety under Trog
  6834 | D:7      | Found an ancient bone altar of Kikubaaqudgha.
  7057 | D:8      | Noticed Maurice
  7072 | D:8      | Killed Maurice
  7072 | D:8      | Reached skill level 7 in Unarmed Combat
  7955 | D:8      | Noticed Joseph
  7962 | D:8      | Killed Joseph
  8102 | D:8      | Found a shadowy altar of Dithmenos.
  8299 | D:8      | Found a shadowy altar of Dithmenos.
  8349 | D:9      | Reached XP level 10. HP: 43/47 MP: 14/14
  8381 | D:9      | Noticed Prince Ribbit
  8385 | D:9      | Killed Prince Ribbit
  8385 | D:9      | Reached skill level 8 in Unarmed Combat
  8585 | D:9      | Noticed a two-headed ogre
  8595 | D:9      | Killed a two-headed ogre
  8595 | D:9      | Reached skill level 10 in Stealth
  8706 | D:9      | Found a shattered altar of Ashenzari.
  9046 | D:9      | Found a bloodstained altar of Trog.
  9058 | D:9      | Found a shimmering blue altar of Sif Muna.
  9058 | D:9      | Found a hazy altar of Hepliaklqana.
  9385 | D:10     | Entered Level 10 of the Dungeon
  9390 | D:10     | Found a staircase to the Lair.
  9642 | D:10     | Reached skill level 9 in Unarmed Combat
 10084 | D:10     | You fall into a shaft and drop 1 floor!
 10326 | D:10     | Found a burning altar of Makhleb.
 10465 | D:10     | Noticed a two-headed ogre
 10472 | D:10     | Killed a two-headed ogre
 10472 | D:10     | Reached XP level 11. HP: 53/53 MP: 15/15
 10734 | D:10     | Noticed a two-headed ogre
 10746 | D:10     | Reached skill level 10 in Unarmed Combat
 10753 | D:10     | Killed a two-headed ogre
 11253 | D:11     | Reached skill level 10 in Fighting
 11704 | D:11     | Noticed a two-headed ogre
 11718 | D:11     | Killed a two-headed ogre
 11893 | D:11     | Noticed a red ugly thing
 11900 | D:11     | Killed a red ugly thing
 12238 | D:12     | Found a staircase to the Orcish Mines.
 12352 | D:12     | Noticed a skeletal warrior
 12353 | D:12     | Noticed a skeletal warrior
 12355 | D:12     | Found a flagged portal.
 12368 | D:12     | Killed a skeletal warrior
 12370 | D:12     | Killed a skeletal warrior
 12375 | D:12     | Noticed a skeletal warrior
 12381 | D:12     | Killed a skeletal warrior
 12392 | Bailey   | Entered a bailey
 12868 | Bailey   | Noticed an orc knight
 12868 | Bailey   | Noticed an orc knight
 12878 | Bailey   | Killed an orc knight
 12881 | Bailey   | Killed an orc knight
 12890 | Bailey   | Noticed an orc knight
 12895 | Bailey   | Killed an orc knight
 13046 | D:12     | Found Iwin's Magic Scroll Shop.
 13068 | D:12     | Bought a scroll of blinking for 97 gold pieces
 13068 | D:12     | Bought a scroll of teleportation for 39 gold pieces
 13068 | D:12     | Bought a scroll of identify for 26 gold pieces
 13068 | D:12     | Bought a scroll of identify for 26 gold pieces
 13068 | D:12     | Bought a scroll of identify for 26 gold pieces
 13149 | D:12     | Noticed an unseen horror
 13156 | D:12     | Noticed a phantasmal warrior
 13168 | D:12     | Mangled by a phantasmal warrior
 13169 | D:12     | Reached XP level 10. HP: -7/76 MP: 14/14
 13229 | D:12     | Noticed a manticore
 13230 | D:12     | Noticed a death knight
 13248 | D:12     | Killed a death knight
 13248 | D:12     | Reached XP level 11. HP: 54/54 MP: 15/15
 13260 | D:12     | Killed an unseen horror
 13260 | D:12     | Reached skill level 15 in Dodging
 13271 | D:12     | Killed a phantasmal warrior
 13631 | D:13     | Noticed Azrael
 13727 | Lair:1   | Entered Level 1 of the Lair of Beasts
 14676 | Lair:1   | Noticed a six-headed hydra
 14690 | Lair:1   | Killed a six-headed hydra
 14768 | Lair:1   | Noticed a four-headed hydra
 14804 | Lair:1   | Killed a four-headed hydra
 14804 | Lair:1   | Reached skill level 11 in Unarmed Combat
 15530 | Lair:1   | Gained mutation: Your thick and shaggy fur keeps you warm.
                  | (AC +3, rC+) [Felid growth]
 15530 | Lair:1   | Reached XP level 12. HP: 26/58 MP: 16/16
 15826 | Lair:1   | Identified 2 scrolls of acquirement
 15826 | Lair:1   | Acquired a manual of Unarmed Combat
 15827 | Lair:1   | Acquired the ring "Homa" {*Drain rPois Str+4 Dex+7 Slay+4}
 15901 | Lair:2   | Noticed a catoblepas
 15920 | Lair:2   | Killed a catoblepas
 15920 | Lair:2   | Reached skill level 12 in Unarmed Combat
 16033 | Lair:2   | Reached skill level 13 in Unarmed Combat
 16041 | Lair:2   | Found a sparkling altar of Nemelex Xobeh.
 16118 | Lair:2   | Found a hole to the Spider Nest.
 16765 | Lair:3   | Reached skill level 14 in Unarmed Combat
 17072 | Lair:3   | Reached skill level 15 in Unarmed Combat
 17255 | Lair:3   | Found a dark tunnel.
 17299 | Lair:3   | Noticed an eight-headed hydra
 17306 | Lair:3   | HP: 4/87 [eight-headed hydra (16)]
 17307 | Lair:3   | Killed an eight-headed hydra
 18025 | Lair:3   | Found a staircase to the Shoals.
 18179 | Lair:4   | Noticed an entropy weaver
 18188 | Lair:4   | Noticed an entropy weaver
 18206 | Lair:4   | Reached ****** piety under Trog
 18217 | Lair:4   | Killed an entropy weaver
 18234 | Lair:4   | Reached XP level 13. HP: 62/62 MP: 17/17
 18239 | Lair:4   | Killed an entropy weaver
 18540 | Lair:4   | Reached skill level 16 in Unarmed Combat
 20171 | Lair:6   | Entered Level 6 of the Lair of Beasts
 20441 | Lair:6   | Reached skill level 17 in Unarmed Combat
 21825 | Lair:6   | Reached XP level 14. HP: 69/69 MP: 18/18
 22185 | D:13     | Killed Azrael
 22717 | D:13     | Found a runed translucent door.
 22717 | D:13     | Noticed Ysmopt's ghost (journeyman MiFi)
 23133 | D:13     | Found a gate to the Vaults.
 23906 | D:14     | Reached skill level 18 in Unarmed Combat
 23952 | D:14     | Noticed Frances
 23961 | D:14     | Noticed Agnes
 23980 | D:14     | Killed Agnes
 23992 | D:14     | Identified the +8 falchion of Koekke Beumn {antimagic,
                  | *Slow rElec MP+9 Stlth+}
 23993 | D:14     | Killed Frances
 24009 | D:14     | Collided with a rock wall
 24010 | D:14     | Reached XP level 13. HP: -3/67 MP: 13/17
 24778 | D:14     | Found a runed translucent door.
 24778 | D:14     | Found a shimmering altar of Xom.
 24778 | D:14     | Noticed Efocvin's ghost (journeyman DECj)
 24924 | D:15     | Entered Level 15 of the Dungeon
 24962 | D:15     | Reached XP level 14. HP: 69/72 MP: 18/18
 25126 | D:15     | Shot with a bolt by a yaktaur captain
 25127 | D:15     | Reached XP level 13. HP: -20/68 MP: 17/17
 25155 | D:15     | HP: 1/68 [yaktaur captain/bolt (40)]
 25158 | D:15     | Shot with a bolt by a yaktaur captain

Illustrated notes

Levels and vault maps discovered:
D:1:      lemuel_arrival_muddy, layout_rooms, minmay_tromino_i4
D:2:      layout_basic, first_ration, nicolae_ru_great_annihilating_truth
D:3:      cheibrodos_thug_alley, layout_basic, zin_academy, cheibriados_altar_1,
          lemuel_round_altar, uniq_jessica
D:4:      layout_basic, lemuel_round_altar, serial_shops, shop
D:5:      corexii_shack_village, layout_basic, nicolae_gozag_seed_capital,
          tso_metal_star, minmay_temple_entry_nine_rooms
D:6:      layout_basic, lightli_ossuary_entry_decrepit_ruins,
          uniq_crazy_yiuf_cottage
D:7:      layout_basic, lemuel_zombie_altar_kikubaaqudgha, serial_rivers,
          chequers_serial_rivers_micro_e, chequers_serial_rivers_micro_e,
          chequers_serial_rivers_marsh, chequers_serial_rivers_micro_c,
          chequers_serial_rivers_micro_c, chequers_serial_rivers_small_b
D:8:      wander_river, layout_layer_cave, old_standard_altar, basic_altar,
          uniq_maurice, uniq_joseph
D:9:      layout_irregular_city, gammafunk_temple_overflow_forgotten,
          basic_altar, hangedman_fish_farm, uniq_prince_ribbit1
D:10:     layout_irregular_city, erik_lair_island, bloody_makhleb
D:11:     layout_grid_maze
D:12:     layout_roguey, david_orc_2, enter_bailey_6, serial_shops,
          nicolae_shop_crystal
D:13:     layout_loops_ring, hangedman_vaults_entry_quadrant_bands,
          hellmonk_ghost_happy_afterlife, feat_on_display, uniq_azrael
D:14:     layout_loops_ring, serial_bayou_pond_c, ebering_ghost_xom,
          small_statue_intersection, uniq_frances, uniq_agnes
D:15:     hangedman_depths_entry_civil_slaughter, layout_rooms
Lair:1:   layout_concentric_octagons, portal_ice_cave_rime,
          chequers_serial_rivers_micro_a, minivault_26, minivault_26,
          serial_bayou_shore_a, grunt_megastairs_1
Lair:2:   wad_woods_stonehenge, layout_chaotic_city,
          spider_nest_entry_web_field, minmay_holes,
          chequers_serial_rivers_micro_c
Lair:3:   layout_gridlike, minmay_shoals_entry_hut, nicolae_volcano_entry_s_turn
Lair:4:   layout_cave_pods, minmay_another_anthill
Lair:5:   layout_loops_ring
Lair:6:   grunt_lair_end_beastmaster, layout_gridlike, dpeg_slime_entry_corner

Skill      XL: |  1  2  3  4  5  6  7  8  9 10 11 12 13 14 |
---------------+-------------------------------------------+-----
Unarmed Combat | 4 5 6 7 9 11 15 17 18 | 18.6
Stealth        | 2 4 5 6 9 11 | 11.0
Dodging        | 5 6 10 16 | 16.0
Fighting       | 4 5 7 9 10 14 13 | 14.4
Evocations     | 2 5 |  5.0

Action                   |  1- 3 |  4- 6 |  7- 9 | 10-12 | 13-15 || total
-------------------------+-------+-------+-------+-------+-------++-------
Melee: Unarmed           |    51 |   159 |   314 |   614 |   463 ||  1601
       Bite              |     4 |    12 |    40 |    91 |    97 ||   244
       Punch             |     1 |     6 |    18 |    47 |    68 ||   140
Invok: Berserk           |     3 |     6 |    10 |    26 |    11 ||    56
       Trog's Hand       |       |       |     4 |    11 |     5 ||    20
       Brothers in Arms  |       |       |       |     5 |     1 ||     6
Evoke: Wand              |       |       |     3 |    11 |     1 ||    15
  Use: Scroll            |       |       |     6 |    20 |     2 ||    28
       Potion            |       |       |       |     2 |     1 ||     3
 Stab: Sleeping          |     3 |     9 |    19 |    34 |    29 ||    94
       Paralysed         |       |     1 |       |       |       ||     1
       Distracted        |       |       |       |     6 |     9 ||    15
       Invisible         |       |       |       |     5 |       ||     5
       Petrifying        |       |       |       |       |     2 ||     2
       Petrified         |       |       |       |       |     2 ||     2
  Eat: Chunk             |    10 |    11 |    32 |    53 |    38 ||   144
       Ration            |       |       |     1 |       |       ||     1
Armor: Skin              |     1 |    10 |     5 |    12 |     6 ||    34
Dodge: Dodged            |    37 |   143 |   207 |   654 |   444 ||  1485
